 Dungeon Crawl Stone Soup version 0.19.1 (webtiles) character file.

969 caec the Caller (level 8, -7/48 HPs)
             Began as a Tengu Summoner on Dec 28, 2016.
             Killed by divine providence
             ... invoked by an orc priest
              (12 damage)
             ... on level 6 of the Dungeon.
             The game lasted 00:26:16 (8921 turns).

caec the Caller (Tengu Summoner)                    Turns: 8921, Time: 00:26:17

Health: -7/48      AC:  5    Str: 12    XL:     8   Next: 16%
Magic:  7/13       EV: 14    Int: 18    God:
Gold:   462        SH:  4    Dex: 14    Spells: 3 memorised, 6 levels left

rFire  . . .     SeeInvis +     w - +0 falchion
rCold  . . .     Gourm    .     A - +0 leather armour
rNeg   . . .     Faith    .     (no shield)
rPois  .         Spirit   .     (helmet restricted)
rElec  .         Reflect  +     t - +0 cloak
rCorr  .         Harm     .     x - +0 pair of gloves
MR     .....                    (boots unavailable)
Stlth  ++........               u - +4 amulet of reflection
                                y - +3 ring of intelligence
                                d - ring of see invisible

@: no status effects
A: beak, talons 3, able to fly 1
a: Fly


You were on level 6 of the Dungeon.
You were near starving.

You visited 1 branch of the dungeon, and saw 6 of its levels.

You collected 462 gold pieces.

Inventory:

Hand Weapons
 w - a +0 falchion (weapon)
Armour
 t - a +0 cloak (worn)
 x - a +0 pair of gloves (worn)
 A - a +0 leather armour (worn)
Jewellery
 d - a ring of see invisible (left hand)
 g - an uncursed ring of flight
 h - an uncursed amulet of faith
 u - a +4 amulet of reflection (around neck)
 y - a +3 ring of intelligence (right hand)
Wands
 f - a wand of polymorph (14/24)
Scrolls
 k - 2 scrolls of teleportation
 m - 2 scrolls of remove curse
 n - a scroll of recharging
 r - a scroll of identify
Potions
 a - a potion of flight
 e - a potion of resistance
 j - a potion of cure mutation
 l - 2 potions of berserk rage
 o - a potion of heal wounds
 p - a potion of curing
 q - a potion of might
Books
 b - a book of Callings

   Spells                             Type                      Level
   a - Summon Small Mammal            Summoning                    1
   b - Call Imp                       Summoning                    2
   c - Call Canine Familiar           Summoning                    3
   d - Summon Guardian Golem          Hexes/Summoning              3
   e - Summon Lightning Spire         Summoning/Air                4
   f - Summon Ice Beast               Ice/Summoning                4
Comestibles
 c - 5 bread rations
 i - a slice of pizza
 s - 2 royal jellies


   Skills:
 + Level 4.2 Fighting
 + Level 3.9 Long Blades
 + Level 5.2 Dodging
 - Level 2.0 Stealth
 - Level 3.0 Spellcasting
 + Level 7.5 Summonings


You had 6 spell levels left.
You knew the following spells:

 Your Spells              Type           Power        Failure   Level  Hunger
a - Summon Small Mammal   Summ           ####         1%          1    None
b - Call Canine Familiar  Summ           ####....     3%          3    ###....
c - Summon Guardian Gole  Hex/Summ       ###.....     14%         3    ###....


Dungeon Overview and Level Annotations

Branches:
Dungeon (6/15)
 Temple: D:4-7

Altars:
Nemelex Xobeh
Qazlal
Trog
Uskayaw
Yredelemnul

Shops:
D:4 (

Annotations:
D:6 Pikel


Innate Abilities, Weirdness & Mutations

You have a beak for a mouth.
You have claws for feet.
You can fly.


Message History

Your hound's corpse disappears in a puff of smoke!
Casting: Call Canine Familiar
Confirm with . or Enter, or press ? or * to list all spells.
The orc priest hits your hound but does no damage.
Your hound closely misses the orc priest.
The orc priest hits your hound but does no damage.
What are your orders? t - Shout!
Orders for allies: a - Attack new target. r - Retreat! s - Stop attacking. g - Guard the area. f - Follow me.
Anything else - Cancel.
Gang up on whom?
Press: ? - help, Dir - move target cursor, f - orc priest
Aim: an orc priest, wielding a war axe (severely wounded) Attack!
Your hound barely misses the orc priest.
The orc priest mumbles some strange prayers to Beogh against you.
Beogh smites you!
You die...

#.# #.####
#..###....######
##..#####......####
#.# ######....# #.#
####.# #.# ###.# #.#
#...# .#
#.###########.###
..######....)oh.@....#
.........############
######..####
#..........#
#.#####..#.###
##.#...## #..>...#
####...o.# ###.#o...


You could see an orc priest and a friendly hound.

Vanquished Creatures
  An ogre (D:4)
  A centaur (D:6)
  A scorpion (D:3)
  A howler monkey (D:4)
  3 crimson imps
  An orc priest (D:5)
  An orc wizard (D:4)
  9 adders
  3 oozes
  An adder skeleton (D:4)
  A worm (D:2)
  4 dart slugs
  A leopard gecko (D:1)
  5 orcs
  6 giant cockroaches
  5 goblins
  6 hobgoblins
  2 jackals (D:2)
  2 quokkas
  A ball python (D:2)
  7 bats
  3 frilled lizards
  3 kobolds
  9 rats
77 creatures vanquished.

Vanquished Creatures (collateral kills)
  Menkaure (D:5)
  A sky beast (D:6)
  A black bear (D:5)
  2 ogres
  An orc priest (D:4)
  Natasha (thrice) (D:4)
  2 iguanas
  An orc wizard (D:6)
  A worker ant (D:3)
  Terence (D:3)
  3 adders
  A worm (D:2)
  4 leopard geckos (D:1)
  A bat (D:1)
  A giant cockroach (D:4)
  A goblin (D:1)
  A hobgoblin (D:2)
  2 quokkas
  A frilled lizard (D:3)
  5 kobolds
  A rat (D:3)
35 creatures vanquished.

Grand Total: 112 creatures vanquished

Notes
Turn   | Place    | Note
-------+----------+-------------------------------------------
     0 | D:1      | caec the Tengu Summoner began the quest for the Orb.
     0 | D:1      | Reached XP level 1. HP: 10/10 MP: 4/4
   271 | D:1      | Reached skill level 5 in Summonings
   271 | D:1      | Reached XP level 2. HP: 13/15 MP: 6/6
  1589 | D:1      | Reached XP level 3. HP: 18/20 MP: 7/7
  2322 | D:2      | Reached skill level 1 in Fighting
  2746 | D:2      | Learned a level 3 spell: Call Canine Familiar
  2896 | D:2      | Reached XP level 4. HP: 17/25 MP: 6/9
  4167 | D:3      | Found a sparkling altar of Nemelex Xobeh.
  4200 | D:3      | Noticed Terence
  4218 | D:3      | Killed Terence
  4359 | D:3      | Gained mutation: You can fly. [Tengu growth]
  4359 | D:3      | Reached XP level 5. HP: 29/29 MP: 6/10
  4532 | D:3      | Found a stormy altar of Qazlal.
  4558 | D:3      | Found a bloodstained altar of Trog.
  4931 | D:4      | Noticed an ogre
  5055 | D:3      | Reached skill level 6 in Summonings
  5065 | D:3      | Reached skill level 1 in Long Blades
  5470 | D:4      | Noticed Natasha
  5579 | D:4      | Found Roiteh's Antique Weapon Shop.
  5636 | D:4      | Reached XP level 6. HP: 9/36 MP: 7/11
  6027 | D:4      | Killed Natasha
  6139 | D:4      | Found a basalt altar of Yredelemnul.
  6141 | D:4      | Found a hide-covered altar of Uskayaw.
  6157 | D:4      | Noticed Natasha
  6162 | D:4      | Killed Natasha
  6529 | D:4      | Noticed Natasha
  6553 | D:4      | Killed Natasha
  6553 | D:4      | Reached XP level 7. HP: 15/41 MP: 12/12
  7060 | D:5      | Entered Level 5 of the Dungeon
  7456 | D:5      | Reached skill level 7 in Summonings
  7843 | D:5      | Learned a level 3 spell: Summon Guardian Golem
  7977 | D:5      | Noticed Menkaure
  8018 | D:5      | Killed Menkaure
  8425 | D:6      | Reached skill level 5 in Dodging
  8425 | D:6      | Reached XP level 8. HP: 35/48 MP: 13/13
  8498 | D:6      | Noticed Pikel
  8921 | D:6      | Killed from afar by an orc priest

Skill      XL: |  1  2  3  4  5  6  7 |
---------------+----------------------+-----
Summonings     | 5 6 7 |  7.5
Fighting       | 1 2 3 4 |  4.2
Dodging        | 3 4 5 |  5.2
Spellcasting   | 3 |  3.0
Long Blades    | 1 2 3 |  3.9
Stealth        | |  2.0

Action                   |  1- 3 |  4- 6 |  7- 9 || total
-------------------------+-------+-------+-------++-------
Melee: Unarmed           |     8 |       |       ||     8
       Dagger            |    53 |       |       ||    53
       Peck              |    26 |    28 |    25 ||    79
       Kick              |    27 |    36 |    21 ||    84
       Hand axe          |    62 |    66 |       ||   128
       Falchion          |       |    76 |   102 ||   178
 Cast: Summon Small Mamm |    23 |     6 |     3 ||    32
       Call Canine Famil |     1 |    15 |    10 ||    26
       Summon Guardian G |       |       |     1 ||     1
 Abil: Fly               |       |     1 |       ||     1
  Use: Scroll            |     4 |     9 |       ||    13
       Potion            |       |     5 |       ||     5
 Stab: Sleeping          |     4 |     9 |     1 ||    14
       Distracted        |       |     2 |       ||     2
  Eat: Chunk             |     6 |    12 |     5 ||    23
       Beef jerky        |       |     1 |       ||     1
       Fruit             |       |       |     3 ||     3
Armor: Robe              |    21 |    16 |       ||    37
       Leather armour    |       |    19 |    19 ||    38
Dodge: Dodged            |    90 |   121 |    53 ||   264
Block: Other             |       |       |     8 ||     8
       Reflection        |       |       |     1 ||     1
       Rpst.: Falchion   |       |    18 |    15 ||    33
